 Dungeon Crawl Stone Soup version 0.31-a0-925-g0a390f2509 (webtiles) character file.

Game seed: 12206568497476643687

161 Shayle the Trooper (level 5, -2/53 HPs)
             Began as an Ogre Hexslinger on Oct 19, 2023.
             Slain by a gnoll
             ... wielding a +0 flail of protection
              (7 damage)
             ... on level 3 of the Dungeon.
             The game lasted 00:07:10 (3643 turns).

Shayle the Trooper (Ogre Hexslinger)                Turns: 3643, Time: 00:07:11

Health: -2/53      AC:  3    Str: 12    XL:     5   Next: 42%
Magic:  8/8        EV:  5    Int: 16    God:
Gold:   161        SH:  0    Dex: 11    Spells: 9/9 levels left

rFire   . . .        a - +1 sling
rCold   . . .        j - +0 tower shield
rNeg    . . .        c - +0 robe
rPois   .            (helmet restricted)
rElec   .            (no cloak)
rCorr   .            (gloves unavailable)
SInv    .            (boots unavailable)
Will    .....        (no amulet)
Stlth   +            (no ring)
HPRegen 0.28/turn    (no ring)
MPRegen 0.11/turn

%: no passive effects
@: confused, ambrosia-drunk
A: large, unfitting armour, tough skin 1
a: no special abilities


You were on level 3 of the Dungeon.
You visited 1 branch of the dungeon, and saw 4 of its levels.

You collected 161 gold pieces.

Inventory:

Hand Weapons
 a - a +1 sling (weapon)
 m - a +1 dagger of venom
 o - a +0 broad axe
Missiles
 g - 5 javelins
Armour
 c - a +0 robe (worn)
 j - a +0 tower shield (worn)
Jewellery
 h - a +6 ring of dexterity
Talismans
 d - a flux talisman
Scrolls
 b - a scroll of poison
 e - a scroll of acquirement {unknown}
 f - 3 scrolls of identify
 l - a scroll of vulnerability {unknown}
 p - a scroll of silence {unknown}
 q - a scroll of amnesia {unknown}
 s - a scroll of blinking {unknown}
 t - a scroll of enchant armour {unknown}
 u - a scroll of revelation {unknown}
Potions
 i - 2 potions of curing {unknown}
 k - a potion of ambrosia
 n - a potion of degeneration {unknown}
 r - a potion of mutation {unknown}
 v - a potion of might {unknown}


   Skills:
 + Level 3.0 Fighting
 - Level 1.3 Ranged Weapons
 + Level 2.5 Dodging
 + Level 0.9 Shields
 * Level 2.6 Unarmed Combat
 + Level 2.5 Spellcasting
 - Level 2.6 Hexes
 - Level 0.8 Fire Magic


You had 9 spell levels left.
You didn't know any spells.
Your spell library contained the following spells:

 Spells                   Type           Power      Damage    Failure   Level
 Jinxbite                 Hex            20%        N/A       95%         2
 Sigil of Binding         Hex            10%        N/A       99%         3
 Inner Flame              Hex/Fire       7%         N/A       100%        3
 Cause Fear               Hex            5%         N/A       100%        4
 Dimensional Bullseye     Hex/Tloc       3%         N/A       100%        4


Dungeon Overview and Level Annotations

Branches:
Dungeon (4/15)
 Temple: D:4-7

Altars:
Hepliaklqana
Yredelemnul

Shops:
D:1 [


Innate Abilities, Weirdness & Mutations

You are too large for most types of armour.
You have tough skin. (AC +1)


Message History

The gnoll shouts!
The gnoll hits you with a +0 flail of protection.
The gnoll barely misses you.
You shoot a sling bullet.
The sling bullet barely misses the gnoll.
The gnoll hits you with a +0 flail of protection.
You block the gnoll's attack. The gnoll hits you with a +0 whip.
You climb upwards.
There is a stone staircase leading down, spattered with blood here.
You shoot a sling bullet. The sling bullet hits the gnoll.
The gnoll is lightly wounded.
You block the gnoll's attack. The gnoll hits you but does no damage.
The gnoll hits you with a +0 flail of protection!
The gnoll hits you with a +0 whip.
You shoot a sling bullet. The sling bullet hits the gnoll!
The gnoll is severely wounded.
You block the gnoll's attack. The gnoll hits you with a +0 whip.
You block the gnoll's attack. The gnoll hits you with a +0 whip.
You shoot a sling bullet.
The sling bullet closely misses the gnoll.
The gnoll hits you with a +0 flail of protection.
The gnoll barely misses you.
The gnoll hits you with a +0 flail of protection!
* * * LOW HITPOINT WARNING * * *
The gnoll closely misses you.
You are confused.
You feel invigorated. The gnoll barely misses you.
The gnoll hits you with a +0 whip.
You miss the gnoll.
The gnoll is severely wounded.
The gnoll hits you with a +0 flail of protection!
* * * LOW HITPOINT WARNING * * *
The gnoll hits you with a +0 whip!
* * * LOW HITPOINT WARNING * * *
The gnoll hits you with a +0 flail of protection.
* * * LOW HITPOINT WARNING * * *
The gnoll hits you with a +0 whip.
* * * LOW HITPOINT WARNING * * *
The gnoll hits you with a +0 flail of protection!
You die...

#......# #################
###.#..#.# #............<..#
#.....#... #...............#
#.#..#..#. #...............#
#...#..#.. #...............#
#.#..g#... #...............#
#.#..#..#. #...............#
#.#.#..#..
############....@..#####.#...#...
.....)..........>g.'.)...#..#..#.
############....g[.#######.#..#..
###.###'#########...#...
#..................#..#.
#.............###.#).#.. #######
#.............# #....... ......#
#.............# ######## ......#
#.............#


You could see 2 gnolls.

Vanquished Creatures
  6 gnolls (D:3)
  An adder (D:3)
  3 worms
  3 dart slugs (D:3)
  3 orcs (D:3)
  5 ball pythons
  8 endoplasms
  3 giant cockroaches (D:3)
  8 goblins
  5 hobgoblins
  3 jackals (D:1)
  6 kobolds
  4 quokkas
  4 bats
  3 frilled lizards
  7 rats
72 creatures vanquished.

Notes
Turn   | Place    | Note
-------+----------+-------------------------------------------
     0 | D:1      | Shayle the Ogre Hexslinger began the quest for the Orb.
     0 | D:1      | Reached XP level 1. HP: 19/19 MP: 2/2
   185 | D:1      | Reached XP level 2. HP: 19/28 MP: 4/4
   352 | D:1      | Reached skill level 1 in Unarmed Combat
   406 | D:1      | Found Xaitusit's Armour Shop.
   452 | D:1      | Reached skill level 2 in Fighting
   873 | D:2      | Reached XP level 3. HP: 29/35 MP: 5/5
  1546 | D:3      | Reached XP level 4. HP: 15/44 MP: 7/7
  1933 | D:3      | Found a basalt altar of Yredelemnul.
  2451 | D:3      | Found a hazy altar of Hepliaklqana.
  2865 | D:3      | Reached XP level 5. HP: 33/52 MP: 8/8
  3327 | D:3      | Reached skill level 3 in Fighting
  3642 | D:3      | HP: 1/53 [gnoll/+0 whip (3)]
  3643 | D:3      | Slain by a gnoll

Illustrated notes

Levels and vault maps discovered:
D:1:      tarquinn_simple_flora_water_c, layout_loops_cross, serial_shops, shop,
          palyth_stone_intersect, serial_bayou_pond_c
D:2:      layout_rooms, kennysheep_crisscross, chequers_serial_rivers_large_a
D:3:      minmay_chambers_of_threes, layout_basic,
          mainiacjoe_overflow_cross_hatched, yredelemnul_altar_generic,
          kennysheep_cross_room, minmay_misc_feat_diagonals, chequers_jeans,
          kennysheep_generic_room_10
D:4:      layout_rooms, grunt_gozag_breadcrumbs, serial_shops,
          nicolae_shop_trees, minmay_close_crescents, uniq_edmund

Skill      XL: |  1  2  3  4  5 |
---------------+----------------+-----
Dodging        | 2 |  2.5
Unarmed Combat | 1 2 |  2.6
Fighting       | 2 3 |  3.0
Spellcasting   | 2 |  2.5
Ranged Weapons | |  1.3
Shields        | |  0.9
Hexes          | |  2.6
Fire Magic     | |  0.8

Action                     |  1- 3 |  4- 6 || total
---------------------------+-------+-------++-------
  Melee: Dagger            |    31 |       ||    31
         Punch             |     1 |       ||     1
         Sling             |       |     3 ||     3
   Fire: Sling             |   126 |   173 ||   299
    Use: Scroll            |     2 |       ||     2
         Potion            |     1 |     2 ||     3
 Armour: Robe              |    85 |   168 ||   253
  Dodge: Dodged            |    74 |    49 ||   123
  Block: Tower shield      |       |   121 ||   121

Table legend: (Time is in decaauts)
 A = Elapsed time spent in this place.
 B = Non-inter-level travel time spent in this place.
 C = Inter-level travel time spent in this place.
 D = Time resting spent in this place.
 E = Time spent auto-exploring this place.
 F = Levels seen in this place.
 G = Mean time per level.
                   A        B        C        D        E       F      G
               +--------+--------+--------+--------+--------+-----+--------+
         Total |   3837 |   3607 |    230 |    721 |   1949 |   4 |  959.2 |
       Dungeon |   3837 |   3607 |    230 |    721 |   1949 |   4 |  959.2 |
               +--------+--------+--------+--------+--------+-----+--------+

Top non-repeatable levels by time:
     D:3: 2044 daAuts
     D:2: 912 daAuts
     D:1: 859 daAuts
     D:4: 19 daAuts
